 Dungeon Crawl Stone Soup version 0.20.1-1-g8b1a95d (webtiles) character file.

1107 digijack the Twirler (level 8, 41/61 HPs)
             Began as a Demonspawn Gladiator on Oct 15, 2017.
             Got out of the dungeon alive.
             The game lasted 00:35:07 (5406 turns).

digijack the Twirler (Demonspawn Gladiator)         Turns: 5406, Time: 00:35:08

Health: 41/61      AC:  6    Str: 16    XL:     8   Next: 11%
Magic:  8/8        EV: 14    Int: 10    God:
Gold:   222        SH:  0    Dex: 15    Spells: 7/7 levels left

rFire    . . .     SeeInvis .   a - +1 quarterstaff
rCold    . . .     Gourm    .   (shield currently unavailable)
rNeg     . . .     Faith    +   m - +1 robe
rPois    .         Spirit   .   c - +0 helmet
rElec    .         Reflect  .   (no cloak)
rCorr    .         Harm     .   (no gloves)
MR       .....                  (no boots)
Stlth    +++.......             j - amulet of faith
Regen    0.2/turn               (no ring)
MPRegen  0.2/turn               (no ring)

@: no status effects
A: hooves 1, yellow scales 1, powered by death 2, spiny 1
a: no special abilities


You escaped.
You were not hungry.

You visited 2 branches of the dungeon, and saw 6 of its levels.

You collected 222 gold pieces.

Inventory:

Hand Weapons
 a - a +1 quarterstaff (weapon)
Missiles
 d - 2 throwing nets (quivered)
 e - 2 javelins
 q - 83 stones
Armour
 c - a +0 helmet (worn)
 m - a +1 robe (worn)
 p - a +1 leather armour of fire resistance
Jewellery
 j - an amulet of faith (around neck)
Wands
 b - a wand of disintegration (14/24)
Scrolls
 k - 7 scrolls of identify
 l - a scroll of remove curse
 r - 3 scrolls of teleportation
Potions
 n - a potion of flight
Comestibles
 f - a bread ration
 g - 4 meat rations
 h - a chunk of flesh
 i - 3 royal jellies
 o - 6 fruits


   Skills:
 * Level 4.5 Fighting
 + Level 6.0 Staves
 - Level 1.7 Throwing
 - Level 1.5 Armour
 * Level 4.1 Dodging
 * Level 4.5 Stealth


You had 7 spell levels left.
You didn't know any spells.

Dungeon Overview and Level Annotations

Branches:
Dungeon (5/15)             Temple (1/1) D:5

Altars:
Ashenzari
Cheibriados
Elyvilon
Fedhas
Hepliaklqana
Nemelex Xobeh
Okawaru
Ru
Sif Muna
Uskayaw
Vehumet
Xom
Yredelemnul
Zin
The Shining One


Innate Abilities, Weirdness & Mutations

You have large cloven feet.
You are partially covered in yellow scales. (AC +2)
You regenerate health from kills.
You are partially covered in sharp spines.


Message History

You climb upwards.
There is a stone staircase leading down here.
There is a stone staircase leading up here.
You climb upwards.
There is a stone staircase leading down here.
There is a stone staircase leading up here.
You climb upwards.
There is a stone staircase leading down here.
There is a stone staircase leading up here.
You climb upwards.
There is a stone staircase leading down here.
Done exploring.
You see here a club.
There is a staircase leading out of the dungeon here.
There is a staircase leading out of the dungeon here.
You can't go down here!
Are you sure you want to leave the Dungeon?
This will make you lose the game! [Y]es or [N]o only, please.
Are you sure you want to leave the Dungeon?
This will make you lose the game!
You have escaped!

#.....#.######.##.# #...
###.#.#.#.#>.(...##.#####..#
#...).....#.#######.........
#.#.#.#.................#..#
#.#.....#.#.#############..#
#.###.###...# #..# #.#
#.###.#.# #..# #.# #...#.#.##
#..# #.# ###.#..@.## #..#
##.## #.......##### #..#
#...# #..#........#######..#
#...####.......###.....)....#
#.#.)....##...## ###.###.....
#...###..###.## ##...##.####
##.####..###.#####..#..#.#
#.................###.#.#
#.####..######.....#..#.#


There were no monsters in sight!

Vanquished Creatures
  The ghost of Irenicus the Insei, an amateur OpCK of Xom (D:4)
  Sigmund (D:2)
  Eustachio (D:5)
  Menkaure (D:5)
  A hound (D:4)
  2 orc wizards (D:4)
  An orc priest (D:4)
  Jessica (D:2)
  Ijyb (D:5)
  An iguana (D:4)
  2 worker ants (D:4)
  2 hound skeletons (D:4)
  9 gnolls
  A howler monkey skeleton (D:5)
  5 adders
  An ooze (D:3)
  A worm (D:2)
  5 dart slugs
  4 leopard geckos
  12 orcs
  2 ball pythons
  7 bats
  3 giant cockroaches
  10 goblins
  7 hobgoblins
  7 jackals (D:4)
  4 frilled lizards
  6 kobolds
  5 rats
  A spectral orc (D:3)
105 creatures vanquished.

Notes
Turn   | Place    | Note
-------+----------+-------------------------------------------
     0 | D:1      | digijack the Demonspawn Gladiator began the quest for the Orb.
     0 | D:1      | Reached XP level 1. HP: 16/16 MP: 1/1
   183 | D:1      | Reached skill level 3 in Staves
   183 | D:1      | Gained mutation: You are partially covered in sharp spines. [demonic ancestry]
   183 | D:1      | Reached XP level 2. HP: 2/22 MP: 2/2
   687 | D:1      | Reached skill level 1 in Stealth
   863 | D:1      | Reached XP level 3. HP: 27/27 MP: 3/3
   925 | D:2      | Noticed Sigmund
   933 | D:2      | Killed Sigmund
   933 | D:2      | Gained mutation: You are partially covered in yellow scales. (AC +2) [demonic ancestry]
   933 | D:2      | Reached XP level 4. HP: 12/35 MP: 4/4
   933 | D:2      | Reached XP level 5. HP: 14/41 MP: 5/5
  1252 | D:2      | Noticed Jessica
  1257 | D:2      | Killed Jessica
  1257 | D:2      | Reached skill level 4 in Staves
  1368 | D:2      | Reached skill level 1 in Armour
  1744 | D:2      | Found a white marble altar of Elyvilon.
  1873 | D:2      | Gained mutation: You regenerate a little health from kills. [demonic ancestry]
  1873 | D:2      | Reached XP level 6. HP: 47/47 MP: 6/6
  1939 | D:2      | Found a sacrificial altar of Ru.
  2359 | D:3      | Found a basalt altar of Yredelemnul.
  2551 | D:3      | Found a shattered altar of Ashenzari.
  2745 | D:3      | Found a shattered altar of Ashenzari.
  2925 | D:4      | Noticed Irenicus's ghost (amateur OpCK)
  2943 | D:4      | Killed Irenicus's ghost
  3145 | D:4      | Gained mutation: You regenerate health from kills. [demonic ancestry]
  3145 | D:4      | Reached XP level 7. HP: 50/52 MP: 7/7
  3175 | D:4      | Reached skill level 5 in Staves
  3965 | D:5      | Entered Level 5 of the Dungeon
  3971 | D:5      | Noticed Ijyb
  3981 | D:5      | Killed Ijyb
  4061 | D:5      | Found a staircase to the Ecumenical Temple.
  4070 | Temple   | Entered the Ecumenical Temple
  4249 | D:5      | Found a shimmering altar of Xom.
  4562 | D:5      | Found a glowing silver altar of Zin.
  4565 | D:5      | Noticed Eustachio
  4589 | D:5      | Killed Eustachio
  4622 | D:5      | Noticed Menkaure
  5291 | D:5      | Killed Menkaure
  5291 | D:5      | Reached skill level 6 in Staves
  5291 | D:5      | Gained mutation: You have large cloven feet. [demonic ancestry]
  5291 | D:5      | Reached XP level 8. HP: 18/61 MP: 8/8
  5406 | D:$      | Got out of the dungeon alive.

Skill      XL: |  1  2  3  4  5  6  7 |
---------------+----------------------+-----
Staves         | 3 4 6 |  6.0
Stealth        | 1 2 3 4 |  4.5
Fighting       | 3 4 |  4.5
Dodging        | 3 4 |  4.1
Armour         | 1 |  1.5
Throwing       | |  1.7

Action                   |  1- 3 |  4- 6 |  7- 9 || total
-------------------------+-------+-------+-------++-------
Melee: Quarterstaff      |    38 |    99 |   121 ||   258
Throw: Throwing net      |       |       |     1 ||     1
  Use: Potion            |     2 |     4 |     1 ||     7
       Scroll            |     2 |     2 |     6 ||    10
 Stab: Sleeping          |     1 |     6 |     6 ||    13
       Paralysed         |       |     1 |       ||     1
  Eat: Chunk             |       |     7 |     5 ||    12
       Bread ration      |       |       |     1 ||     1
Armor: Leather armour    |    11 |    18 |     2 ||    31
       Robe              |       |       |    26 ||    26
Dodge: Dodged            |    14 |    55 |    71 ||   140
